Map: [ESL] Inside and Out

Players

Nice

  • Race: Protoss Protoss
  • Spawn Location: 1:00

Has - Winner!

  • Race: Protoss Protoss
  • Spawn Location: 7:00

Event: DreamHack SC2 Masters 2022 Atlanta (Online)

VOD

Have the link to the VOD?

Description

Time

  • Played on: Oct. 1, 2022, 9:21 a.m.
  • Length: 8:14

All games in this series

Show
View Real Time Build Order
Export as new Build Order

Nice Protoss 

Build Orders:  

Get SALT Encoding   

  12  0:00  Probe  
  13  0:12  Probe  
  14  0:19  Pylon  
  14  0:24  Probe  
  15  0:37  Probe (Chrono Boost), Gateway  
  16  0:47  Probe (Chrono Boost), Assimilator  
  17  0:52  Probe (Chrono Boost)  
  18  1:03  Probe  
  19  1:15  Probe  
  20  1:28  Cybernetics Core, Probe  
  21  1:32  Zealot  
  21  1:34  Pylon  
  23  1:52  Probe  
  24  2:01  Stalker (Chrono Boost)  
  24  2:04  Probe  
  27  2:09  Warp Gate (Chrono Boost)  
  27  2:18  Probe, Pylon  
  28  2:31  Stalker  
  31  2:37  Probe  
  31  2:38  Gateway  
  31  2:49  Probe  
  32  2:54  Shield Battery  
  31  2:59  Pylon  
  31  3:01  Stalker  
  33  3:07  Nexus  
  33  3:09  Probe  
  34  3:14  Shield Battery  
  34  3:25  Gateway  
  34  3:30  Assimilator  
  34  3:35  Probe  
  35  3:47  Probe  
  36  3:51  Adept x2  
  40  4:00  Probe  
  41  4:03  Robotics Facility  
  41  4:12  Probe  
  40  4:20  Probe (Chrono Boost)  
  40  4:23  Stalker  
  40  4:24  Probe (Chrono Boost)  
  44  4:27  Pylon  
  45  4:31  Probe (Chrono Boost)  
  45  4:33  Probe (Chrono Boost)  
  45  4:36  Probe (Chrono Boost)  
  45  4:38  Probe (Chrono Boost)  
  44  4:49  Adept x2  
  44  4:50  Sentry  
  44  4:51  Observer (Chrono Boost), Pylon  
  51  4:56  Shield Battery  
  51  5:03  Immortal (Chrono Boost)  
  51  5:06  Probe  
  56  5:08  Probe  
  57  5:14  Assimilator  
  57  5:18  Probe  
  57  5:21  Probe  
  57  5:23  Assimilator  
  55  5:30  Probe  
  55  5:34  Observer (Chrono Boost)  
  55  5:35  Observer  
  57  5:36  Probe  
  57  5:42  Twilight Council, Probe  
  59  5:48  Probe  
  59  5:49  Forge  
  60  5:57  Stargate  
  60  5:59  Zealot x3  
  66  6:09  Observer  
  62  6:14  Immortal (Chrono Boost)  
  66  6:19  Charge  
  66  6:25  Probe x2  
  68  6:40  Phoenix (Chrono Boost)  
  68  6:44  Adept  
  68  6:46  Adept, Immortal  
  78  6:50  Pylon  
  78  6:54  Shield Battery  
  72  7:02  Shield Battery  
  72  7:05  Shield Battery  
  64  7:16  Pylon  
  64  7:17  Pylon  
  64  7:18  Pylon  
  64  7:19  Zealot x2  
  68  7:24  Immortal (Chrono Boost)  
  57  7:37  Pylon  
Show
View Real Time Build Order
Export as new Build Order

Has Protoss - Winner!

Build Orders:  

Get SALT Encoding   

  12  0:00  Probe  
  13  0:12  Probe  
  14  0:18  Pylon  
  14  0:24  Probe (Chrono Boost)  
  15  0:38  Probe (Chrono Boost), Gateway  
  16  0:43  Probe (Chrono Boost)  
  17  0:52  Probe  
  17  0:54  Pylon  
  18  1:04  Assimilator  
  18  1:07  Assimilator  
  19  1:12  Assimilator  
  19  1:17  Gateway  
  18  1:19  Probe  
  20  1:33  Pylon  
  20  1:38  Cybernetics Core  
  20  1:39  Probe (Chrono Boost)  
  20  1:51  Probe (Chrono Boost)  
  21  1:55  Probe (Chrono Boost)  
  22  2:05  Probe  
  23  2:12  Cybernetics Core  
  23  2:15  Stalker  
  25  2:16  Warp Gate  
  25  2:22  Pylon  
  25  2:39  Pylon  
  25  2:40  Probe, Stalker  
  27  2:47  Stalker  
  29  2:58  Robotics Facility  
  31  3:23  Nexus  
  31  3:25  Probe  
  30  3:38  Probe  
  30  3:39  Shield Battery  
  31  3:45  Observer (Chrono Boost)  
  32  3:50  Probe  
  33  3:57  Immortal (Chrono Boost)  
  37  4:06  Probe  
  38  4:17  Pylon  
  38  4:18  Probe  
  39  4:32  Immortal (Chrono Boost)  
  39  4:33  Probe  
  43  4:40  Observer, Probe  
  44  4:46  Probe  
  44  4:49  Sentry x2  
  49  4:53  Pylon  
  49  4:56  Robotics Bay  
  49  5:05  Warp Prism (Chrono Boost)  
  51  5:12  Probe  
  52  5:14  Gateway  
  52  5:18  Probe  
  52  5:24  Probe  
  53  5:37  Shield Battery  
  53  5:38  Probe  
  53  5:40  Disruptor (Chrono Boost), Pylon  
  55  5:48  Twilight Council  
  55  5:49  Probe  
  58  5:51  Probe  
  59  6:01  Probe  
  59  6:03  Probe  
  61  6:13  Probe  
  61  6:15  Adept x2  
  61  6:16  Adept  
  68  6:18  Pylon  
  68  6:22  Gateway  
  68  6:24  Gateway  
  68  6:27  Observer (Chrono Boost)  
  68  6:28  Pylon  
  68  6:29  Resonating Glaives  
  69  6:33  Assimilator  
  69  6:36  Pylon  
  69  6:40  Adept x2  
  69  6:41  Adept  
  69  7:01  Adept x2  
  69  7:02  Adept  
  71  7:17  Adept  
  73  7:24  Adept x4  
  71  7:36  Probe x2  
  67  7:43  Adept  
  69  7:44  Adept x4  
Tags
 
Add a new tag
Caveats
  • Supply blocks, unpowered buildings, or Contaminate may cause inaccurate times.
  • Supply counts are checked every 10 seconds.